 Dungeon Crawl Stone Soup version 0.29-a0-559-g359e09b9d1 (webtiles) character file.

Game seed: 7818523325337932583

2060 DungeonDestroyer the Shield-Bearer (level 9, -2/74 HPs)
             Began as a Gnoll Fighter on June 10, 2022.
             Was an Initiate of Okawaru.
             Slain by a hornet (6 damage)
             ... on level 7 of the Dungeon.
             The game lasted 00:09:42 (5935 turns).

DungeonDestroyer the Shield-Bearer (Gnoll Fighter)  Turns: 5935, Time: 00:09:42

Health: -2/74      AC: 14    Str: 17    XL:     9   Next: 25%
Magic:  15/15      EV:  8    Int:  7    God:    Okawaru [......]
Gold:   207        SH:  6    Dex: 15    Spells: 16/16 levels left

rFire   . . .      SeeInvis .   k - +7 Throatcutter {drain, coup de grace}
rCold   . . .      Faith    .   c - +0 buckler
rNeg    . . .      Spirit   .   m - +0 chain mail
rPois   .          Reflect  .   x - +2 hat
rElec   .          Harm     .   t - +0 cloak
rCorr   .          Rampage  .   (no gloves)
Will    +....                   (no boots)
Stlth   ..........              (no amulet)
HPRegen 0.22/turn               r - ring of willpower
MPRegen 0.14/turn               (no ring)

@: lethally poisoned (-2 -> -14), marked, slowed, very slow
A: fangs 1, strong nose, distributed training
a: Renounce Religion


You were on level 7 of the Dungeon.
You worshipped Okawaru.
Okawaru was noncommittal.
You visited 2 branches of the dungeon, and saw 8 of its levels.

You collected 207 gold pieces.

Inventory:

Hand Weapons
 a - a +1 long sword
 k - the +7 Throatcutter (weapon) {drain, coup de grace}
   (You found it on level 3 of the Dungeon)

   A truly terrible weapon, it drains the life of any living foe it strikes.
   It may instantly kill foes which have little health.
Missiles
 f - 152 stones (quivered)
 i - 32 poisoned darts
 j - 5 boomerangs
 y - a curare-tipped dart
Armour
 c - a +0 buckler (worn)
 m - a +0 chain mail (worn)
 t - a +0 cloak (worn)
 x - a +2 hat (worn)
Jewellery
 r - a ring of willpower (left hand)
Wands
 l - a wand of digging (7)
Scrolls
 g - a scroll of amnesia
 h - a scroll of fog {unknown}
 n - a scroll of enchant weapon
 o - 4 scrolls of identify
 s - a scroll of acquirement {unknown}
 w - a scroll of summoning {unknown}
 z - a scroll of fear {unknown}
Potions
 b - 2 potions of heal wounds
 d - 2 potions of might
 e - 3 potions of curing
 p - a potion of lignification {unknown}
 q - a potion of ambrosia {unknown}
 u - 2 potions of haste {unknown}
 v - a potion of invisibility {unknown}


   Skills:
 + Level 7.8 Fighting
 + Level 4.0 Short Blades
 + Level 6.2 Long Blades
 + Level 4.0 Axes
 + Level 4.0 Maces & Flails
 + Level 4.0 Polearms
 + Level 4.0 Staves
 + Level 4.0 Slings
 + Level 4.0 Bows
 + Level 4.0 Crossbows
 + Level 4.0 Throwing
 + Level 7.8 Armour
 + Level 4.0 Dodging
 + Level 4.0 Stealth
 + Level 7.8 Shields
 + Level 4.0 Unarmed Combat
 + Level 4.0 Spellcasting
 + Level 3.3 Conjurations
 + Level 3.3 Hexes
 + Level 3.3 Summonings
 + Level 3.3 Necromancy
 + Level 3.3 Translocations
 + Level 3.3 Transmutations
 + Level 3.3 Fire Magic
 + Level 3.3 Ice Magic
 + Level 3.3 Air Magic
 + Level 3.3 Earth Magic
 + Level 3.3 Poison Magic
 + Level 4.5 Invocations
 + Level 4.0 Evocations


You had 16 spell levels left.
You didn't know any spells.
Your spell library contained the following spells:

 Spells                   Type           Power      Damage    Failure   Level
 Static Discharge         Conj/Air       6%         N/A       86%         2
 Gell's Gravitas          Tloc           6%         N/A       97%         3
 Portal Projectile        Hex/Tloc       12%        N/A       97%         3
 Teleport Other           Tloc           6%         N/A       97%         3
 Leda's Liquefaction      Hex/Erth       3%         N/A       100%        4
 Lightning Bolt           Conj/Air       3%         1d14      100%        5
 Dispersal                Tloc           3%         N/A       100%        6
 Maxwell's Capacitive Co  Air            3%         ∞         100%        8
 Call Canine Familiar     Summ           Unusable   N/A       N/A         3

Dungeon Overview and Level Annotations

Branches:
Dungeon (7/15)             Temple (1/1) D:6

Altars:
Elyvilon
Fedhas
Hepliaklqana
Kikubaaqudgha
Makhleb
Okawaru
Qazlal
Ru
Trog
Vehumet
Wu Jian
Xom
Yredelemnul
Zin
The Shining One
Beogh

Shops:
D:2 [

Annotations:
D:4 2 transporters
D:6 3 runed translucent doors, Zero's ghost, novice DEAE


Innate Abilities, Weirdness & Mutations

You have very sharp teeth.
Your uncanny sense of smell can sniff out nearby items.
Your experience applies equally to all skills.


Message History

You miss the hornet. The hornet stings you!
You feel yourself slow down.
The hornet stings you but does no damage.
You barely miss the hornet. The hornet stings you.
You suddenly lose the ability to move!
You hear a distant slurping noise.
The hornet stings you!
You are poisoned.
You feel as though you will be slow longer.
You hear a distant slurping noise.
You can move again.
You barely miss the hornet.
You feel very sick. You block the hornet's attack. The hornet stings you!
You feel as though you will be slow longer.
The hornet stings you but does no damage.
You closely miss the hornet.
You feel sick.
The hornet stings you but does no damage.
The hornet closely misses you.
You hear a distant slurping noise.
Unknown command.
You closely miss the hornet.
You feel sick. The hornet stings you.
* * * LOW HITPOINT WARNING * * *
You feel as though you will be slow longer.
You block the hornet's attack.
The hornet stings you but does no damage.
Unknown command.
You barely miss the hornet. You bite the hornet, but do no damage.
You feel sick.
The hornet stings you but does no damage.
The hornet stings you.
* * * LOW HITPOINT WARNING * * *
You feel as though you will be slow longer.
Unknown command.
Unknown command.
You feel better. The hornet stings you!
* * * LOW HITPOINT WARNING * * *
You are lethally poisoned!
You feel as though you will be slow longer.
You block the hornet's attack. The hornet stings you.
You die...

#.# #.# #.#
###########.#
##.####..)...)....#
...<.........######
#..#####.####.# #.
#.# #.# ##..### #@#
#.# ....... #y# #.#
.......##z# #.#
....zz..zz# #.#
.....###.z# ...
#..# . #<## ..#
....


You could see a hornet and 4 wights.

Vanquished Creatures
  A water moccasin (D:5)
  2 ice beasts
  A black bear (D:6)
  3 ogres
  A centaur (D:7)
  A phantom (D:4)
  2 kobold brigands
  A bullfrog (D:6)
  3 necrophages
  2 scorpions
  Blork the orc (D:4)
  4 wights (D:6)
  A jelly (D:5)
  3 hounds
  Crazy Yiuf (D:4)
  An orc wizard (D:6)
  3 iguanas
  Terence (D:3)
  10 adders
  2 shadow imps (D:6)
  A white imp (D:4)
  2 ufetubi (D:4)
  3 worms
  A dart slug (D:3)
  5 orcs
  9 endoplasms
  3 giant cockroaches
  11 goblins
  6 hobgoblins
  9 jackals
  2 quokkas
  10 ball pythons
  6 bats
  A frilled lizard (D:3)
  18 kobolds
  A rat (D:3)
132 creatures vanquished.

Notes
Turn   | Place    | Note
-------+----------+-------------------------------------------
     0 | D:1      | DungeonDestroyer the Gnoll Fighter began the quest for the
                  | Orb.
     0 | D:1      | Reached XP level 1. HP: 23/23 MP: 1/1
   155 | D:1      | Reached XP level 2. HP: 27/29 MP: 2/2
   368 | D:1      | Found a faded altar of an unknown god.
   677 | D:1      | Reached XP level 3. HP: 35/35 MP: 3/3
  1283 | D:2      | Reached skill level 1 in Invocations
  1347 | D:2      | Found Hoizuvvaid's Antique Armour Emporium.
  1400 | D:2      | Reached skill level 1 in Short Blades
  1400 | D:2      | Reached skill level 1 in Axes
  1400 | D:2      | Reached skill level 1 in Maces & Flails
  1400 | D:2      | Reached skill level 1 in Polearms
  1400 | D:2      | Reached skill level 1 in Staves
  1400 | D:2      | Reached skill level 1 in Slings
  1400 | D:2      | Reached skill level 1 in Bows
  1400 | D:2      | Reached skill level 1 in Crossbows
  1400 | D:2      | Reached skill level 1 in Throwing
  1400 | D:2      | Reached skill level 1 in Dodging
  1400 | D:2      | Reached skill level 1 in Stealth
  1400 | D:2      | Reached skill level 1 in Unarmed Combat
  1400 | D:2      | Reached skill level 1 in Spellcasting
  1400 | D:2      | Reached skill level 1 in Evocations
  1418 | D:2      | Reached XP level 4. HP: 28/41 MP: 5/5
  2230 | D:3      | Reached skill level 1 in Conjurations
  2230 | D:3      | Reached skill level 1 in Hexes
  2230 | D:3      | Reached skill level 1 in Summonings
  2230 | D:3      | Reached skill level 1 in Necromancy
  2230 | D:3      | Reached skill level 1 in Translocations
  2230 | D:3      | Reached skill level 1 in Transmutations
  2230 | D:3      | Reached skill level 1 in Fire Magic
  2230 | D:3      | Reached skill level 1 in Ice Magic
  2230 | D:3      | Reached skill level 1 in Air Magic
  2230 | D:3      | Reached skill level 1 in Earth Magic
  2230 | D:3      | Reached skill level 1 in Poison Magic
  2354 | D:3      | Noticed a necrophage
  2382 | D:3      | Killed a necrophage
  2383 | D:3      | Reached XP level 5. HP: 38/47 MP: 5/7
  2839 | D:3      | Noticed Terence
  2847 | D:3      | Killed Terence
  2894 | D:3      | Found the +7 Throatcutter {drain, coup de grace}
  2894 | D:3      | Noticed a kobold brigand
  2914 | D:3      | Killed a kobold brigand
  2915 | D:3      | Reached XP level 6. HP: 39/53 MP: 8/8
  3198 | D:3      | Found a basalt altar of Yredelemnul.
  3452 | D:4      | Noticed an ice beast
  3453 | D:4      | Killed an ice beast
  3454 | D:4      | Reached skill level 5 in Long Blades
  3537 | D:4      | Reached XP level 7. HP: 57/59 MP: 10/10
  3634 | D:4      | Found a transporter.
  3683 | D:4      | Noticed Blork the orc
  3685 | D:4      | Killed Blork the orc
  3729 | D:4      | Found a runed translucent door.
  3730 | D:4      | Noticed Crazy Yiuf
  3760 | D:4      | Found a transporter.
  4085 | D:4      | Killed Crazy Yiuf
  4275 | D:5      | Entered Level 5 of the Dungeon
  4458 | D:5      | Reached XP level 8. HP: 67/67 MP: 12/12
  4874 | D:6      | Identified the +0 plate armour of Hadjma {Str+4 SInv}
  5183 | D:6      | Found a runed translucent gate.
  5184 | D:6      | Found a runed translucent gate.
  5184 | D:6      | Identified the +1 plate armour "Hiewauho" {rCorr Int+5}
  5184 | D:6      | Noticed Zero's ghost (novice DEAE)
  5191 | D:6      | Found a staircase to the Ecumenical Temple.
  5237 | Temple   | Entered the Ecumenical Temple
  5284 | Temple   | Became a worshipper of Warmaster Okawaru
  5333 | D:6      | Reached XP level 9. HP: 52/73 MP: 14/14
  5440 | D:6      | Found a shimmering altar of Xom.
  5541 | D:6      | Found a runed translucent gate.
  5923 | D:7      | Noticed a hornet
  5930 | D:7      | Paralysed by a hornet for 1 turns
  5935 | D:7      | Slain by a hornet

Illustrated notes

Levels and vault maps discovered:
D:1:      wheals_arrival_linesprint, layout_loops_ring,
          hellmonk_ecumenical_altar_crossroads, nicolae_figureground_pulse
D:2:      layout_basic, serial_shops, nicolae_shop_trees, minmay_close_crescents
D:3:      layout_basic, mainiacjoe_overflow_six_doors_small,
          dilly_guarded_unrand_throatcut, uniq_terence
D:4:      gammafunk_wand_slinger, layout_rooms, minmay_misc_feat_tower,
          hangedman_abyss_or_decor_stabs, hex_tiny, uniq_blork_the_orc,
          uniq_crazy_yiuf_cottage
D:5:      layout_basic
D:6:      layout_loops_ring, mainiacjoe_overflow_catwalk,
          minmay_temple_entry_tees, biasface_ghost_orc_armoury,
          minmay_misc_feat_encased
D:7:      layout_loops_ring, mainiacjoe_overflow_tiny_flanked, minivault_10
Temple:   cyrus_circular_temple

Skill      XL: |  1  2  3  4  5  6  7  8  9 |
---------------+----------------------------+-----
Invocations    | 1 2 3 4 |  4.5
Short Blades   | 1 2 3 4 |  4.0
Axes           | 1 2 3 4 |  4.0
Maces & Flails | 1 2 3 4 |  4.0
Polearms       | 1 2 3 4 |  4.0
Staves         | 1 2 3 4 |  4.0
Slings         | 1 2 3 4 |  4.0
Bows           | 1 2 3 4 |  4.0
Crossbows      | 1 2 3 4 |  4.0
Throwing       | 1 2 3 4 |  4.0
Dodging        | 1 2 3 4 |  4.0
Stealth        | 1 2 3 4 |  4.0
Unarmed Combat | 1 2 3 4 |  4.0
Spellcasting   | 1 2 3 4 |  4.0
Evocations     | 1 2 3 4 |  4.0
Conjurations   | 1 2 3 |  3.3
Hexes          | 1 2 3 |  3.3
Summonings     | 1 2 3 |  3.3
Necromancy     | 1 2 3 |  3.3
Translocations | 1 2 3 |  3.3
Transmutations | 1 2 3 |  3.3
Fire Magic     | 1 2 3 |  3.3
Ice Magic      | 1 2 3 |  3.3
Air Magic      | 1 2 3 |  3.3
Earth Magic    | 1 2 3 |  3.3
Poison Magic   | 1 2 3 |  3.3
Long Blades    | 5 6 |  6.2
Fighting       | 7 |  7.8
Armour         | 7 |  7.8
Shields        | 7 |  7.8

Action                   |  1- 3 |  4- 6 |  7- 9 || total
-------------------------+-------+-------+-------++-------
Melee: Long sword        |    94 |   154 |   135 ||   383
       Bite              |     5 |    15 |    11 ||    31
  Use: Scroll            |     3 |     2 |     1 ||     6
       Potion            |     3 |     1 |     3 ||     7
Armor: Scale mail        |    24 |       |       ||    24
       Chain mail        |    27 |    87 |    71 ||   185
Dodge: Dodged            |    45 |    47 |    42 ||   134
Block: Buckler           |    22 |    38 |    37 ||    97

Table legend: (Time is in decaauts)
 A = Elapsed time spent in this place.
 B = Non-inter-level travel time spent in this place.
 C = Inter-level travel time spent in this place.
 D = Time resting spent in this place.
 E = Time spent auto-exploring this place.
 F = Levels seen in this place.
 G = Mean time per level.
                   A        B        C        D        E       F      G
               +--------+--------+--------+--------+--------+-----+--------+
         Total |   6004 |   5725 |    279 |     36 |   4639 |   8 |  750.5 |
       Dungeon |   5946 |   5682 |    264 |     36 |   4603 |   7 |  849.4 |
        Temple |     58 |     43 |     15 |      0 |     36 |   1 |   58.0 |
               +--------+--------+--------+--------+--------+-----+--------+

Top non-repeatable levels by time:
     D:3: 1254 daAuts
     D:1: 1237 daAuts
     D:2: 1006 daAuts
     D:6: 913 daAuts
     D:4: 827 daAuts
     D:5: 590 daAuts
     D:7: 116 daAuts
  Temple: 58 daAuts
